 Dungeon Crawl Stone Soup version 0.31-a0-819-gf6de2f5ab6 (webtiles) character file.

Game seed: 5466465080430007446

149 qw the Shooter (level 5, -4/32 HPs)
             Began as a Gargoyle Hunter on Sept 23, 2023.
             Slain by an ice beast (11 damage)
             ... on level 3 of the Dungeon.
             The game lasted 00:00:48 (2026 turns).

qw the Shooter (Gargoyle Hunter)                    Turns: 2026, Time: 00:00:49

Health: -4/32      AC:  9    Str: 15    XL:     5   Next: 31%
Magic:  5/5        EV: 11    Int:  9    God:
Gold:   123        SH:  0    Dex: 15    Spells: 4/4 levels left

rFire   . . .        Y - +1 shortbow
rCold   . . .        (shield currently unavailable)
rNeg    + . .        e - +0 ring mail
rPois   inf          (no helmet)
rElec   +            (no cloak)
rCorr   .            (no gloves)
SInv    .            (no boots)
Will    .....        (no amulet)
Stlth   +            (no ring)
HPRegen 0.25/turn    (no ring)
MPRegen 0.09/turn

%: no passive effects
@: no status effects
A: sickness immunity, AC +4, negative energy resistance 1, electricity
resistance, torment resistance 1, petrification resistance
a: no special abilities


You were on level 3 of the Dungeon.
You visited 1 branch of the dungeon, and saw 3 of its levels.

You collected 123 gold pieces.


Innate Abilities, Weirdness & Mutations

You are immune to sickness and miasma.
Your stone body is resilient. (AC +4)
You are immune to poison.
You resist negative energy. (rN+)
You are resistant to electric shocks. (rElec)
You are resistant to unholy torment.
You are immune to petrification.


   Skills:
 - Level 3.0 Fighting
 + Level 5.9 Ranged Weapons
 - Level 1.2 Armour
 - Level 1.5 Dodging
 - Level 1.1 Stealth


You had 4 spell levels left.
You didn't know any spells.
Your spell library was empty.

Inventory:

Hand Weapons
 Y - a +1 shortbow (weapon)
Armour
 e - a +0 ring mail (worn)
Potions
 c - a potion of enlightenment {unknown}
 d - a potion of cancellation {unknown}
 f - a potion of might {unknown}
 g - a potion of curing {unknown}
 i - a potion of attraction {unknown}

Dungeon Overview and Level Annotations

Branches:
Dungeon (3/15)

Altars:

Shops:
D:3 (


Message History

There is a stone staircase leading up here.
A hobgoblin is nearby!
Waypoint 2 assigned to D:3.
You shoot an arrow. The arrow barely misses the hobgoblin.
You shoot an arrow. The arrow hits the hobgoblin!
You kill the hobgoblin!
You open the door.
A rat comes into view.
Found 7 stones.
Found an escape hatch in the ceiling.
You shoot an arrow. The arrow hits the rat.
You kill the rat!
There is an open door here.
An ice beast comes into view.
An ice beast is nearby!
An ice beast is nearby!
You shoot an arrow. The arrow hits the ice beast.
The ice beast is lightly wounded.
You shoot an arrow.
The arrow hits the ice beast but does no damage.
The ice beast is lightly wounded.
You shoot an arrow. The arrow closely misses the ice beast.
The ice beast completely misses you.
You shoot an arrow. The arrow hits the ice beast!
The ice beast is moderately wounded.
The ice beast hits you but does no damage.
You shoot an arrow. The arrow closely misses the ice beast.
The ice beast hits you. The ice beast freezes you!
You shoot an arrow. The arrow closely misses the ice beast.
The ice beast barely misses you.
You shoot an arrow. The arrow closely misses the ice beast.
The ice beast hits you. The ice beast freezes you!
The ice beast hits you but does no damage.
You shoot an arrow. The arrow hits the ice beast!
The ice beast is severely wounded.
The ice beast closely misses you.
You shoot an arrow. The arrow closely misses the ice beast.
The ice beast misses you.
You shoot an arrow. The arrow closely misses the ice beast.
The ice beast hits you. The ice beast freezes you!
You die...

##########
#........#
#........#
#...(....####
#....%......##
#.....<..##.@#
#####'####...Y...#
#<# #.#####.# #%#
#..#(..#..# ...
+..#####...#
##.###....\...#.#
#.# #..#####.# #
#.# #..#(..#.# ...


You could see an ice beast and 2 dancing weapons.

Vanquished Creatures
  4 adders (D:2)
  4 gnolls (D:2)
  2 dart slugs
  An orc (D:2)
  3 endoplasms
  A giant cockroach (D:1)
  4 goblins
  8 hobgoblins
  5 jackals (D:2)
  4 kobolds
  9 quokkas
  8 ball pythons
  4 bats
  3 frilled lizards
  9 rats
69 creatures vanquished.

Notes
Turn   | Place    | Note
-------+----------+-------------------------------------------
     0 | D:1      | qw the Gargoyle Hunter began the quest for the Orb.
     0 | D:1      | Reached XP level 1. HP: 12/12 MP: 1/1
     0 | D:1      | 0 ||| qw: Version: 0.3-a-83-gcd0e7d8
     0 | D:1      | 0 ||| qw: Game counter: 1414
     0 | D:1      | 0 ||| qw: Melee chars always use a shield: true
     0 | D:1      | 0 ||| qw: God list: Okawaru
     0 | D:1      | 0 ||| qw: Allow faded altars: false
     0 | D:1      | 0 ||| qw: Do Orc after clearing Dungeon:15 true
     0 | D:1      | 0 ||| qw: Do second Lair branch before Depths: true
     0 | D:1      | 0 ||| qw: Lair rune preference: random
     0 | D:1      | 0 ||| qw: Goals: Normal
     0 | D:1      | 0 ||| PLANNING D:1-11
   176 | D:1      | Reached XP level 2. HP: 17/17 MP: 2/2
   556 | D:1      | Reached XP level 3. HP: 21/21 MP: 3/3
   601 | D:1      | Reached skill level 5 in Ranged Weapons
   758 | D:1      | 758 ||| UPGRADING to +0 ring mail.
   768 | D:1      | 768 ||| DROPPING +0 leather armour.
   769 | D:1      | 769 ||| READING scroll labelled NIJAGA KIUFONU.
   770 | D:1      | 770 ||| DROPPING scroll of butterflies.
   973 | D:2      | Reached skill level 1 in Armour
  1250 | D:2      | Reached XP level 4. HP: 19/27 MP: 4/4
  1368 | D:2      | Reached skill level 3 in Fighting
  1702 | D:2      | Reached XP level 5. HP: 16/32 MP: 5/5
  1709 | D:2      | HP: 6/32 [gnoll/+0 spear (4)]
  1715 | D:2      | HP: 6/32 [gnoll/+0 spear (2)]
  1979 | D:2      | 1979 ||| DROPPING ring of magical power.
  1980 | D:2      | 1980 ||| READING scroll labelled TALUAW DONTEA.
  1981 | D:2      | 1981 ||| READING scroll labelled YVEVOW QOROIWE.
  2014 | D:3      | Found Kukowaq's Weapon Boutique.
  2014 | D:3      | Noticed a +0 executioner's axe
  2015 | D:3      | Noticed an ice beast
  2016 | D:3      | Noticed a +0 bardiche
  2026 | D:3      | HP: 7/32 [ice beast (3)]
  2026 | D:3      | Slain by an ice beast

Levels and vault maps discovered:
D:1:      dpeg_cavernosity, layout_rooms, nicolae_hexahallways
D:2:      layout_basic, minmay_guardbox
D:3:      layout_basic, serial_shops, shop, shop, nicolae_shop_mannequins,
          uniq_robin

Skill      XL: |  1  2  3  4 |
---------------+-------------+-----
Ranged Weapons | 5 |  5.9
Armour         | 1 |  1.2
Fighting       | 3 |  3.0
Dodging        | |  1.5
Stealth        | |  1.1

Action                     |  1- 3 |  4- 6 || total
---------------------------+-------+-------++-------
   Fire: Shortbow          |   117 |   106 ||   223
    Use: Scroll            |     1 |     2 ||     3
 Armour: Leather armour    |    17 |       ||    17
         Ring mail         |    23 |    71 ||    94
  Dodge: Dodged            |    41 |    70 ||   111

Table legend:
 A = Non-vault XP
 B = Vault XP
 C = Vault XP percentage of total XP
 D = Non-vault monster count
 E = Vault monster count
 F = Vault count percentage of total count
                 A         B        C        D         E       F
            +---------+---------+-------+---------+---------+-------
      Total |     182 |      31 |  14.6 |      53 |      16 |  23.2
            +---------+---------+-------+---------+---------+-------
        D:1 |      41 |       8 |  16.3 |      25 |       4 |  13.8
        D:2 |     138 |      23 |  14.3 |      26 |      12 |  31.6
        D:3 |       3 |       0 |   0.0 |       2 |       0 |   0.0
            +---------+---------+-------+---------+---------+-------
